 Dungeon Crawl Stone Soup version 0.29-a0-553-g81b289dbe5 (webtiles) character file.

Game seed: 16146869270343691257

1057 grumblor the Skirmisher (level 8, -1/65 HPs)
             Began as a Mummy Fighter on June 6, 2022.
             Was an Initiate of Gozag.
             Slain by an orc warrior
             ... wielding a +0 long sword
              (16 damage)
             ... on level 6 of the Dungeon.
             The game lasted 00:07:04 (4406 turns).

grumblor the Skirmisher (Mummy Fighter)             Turns: 4406, Time: 00:07:05

Health: -1/65      AC:  5    Str: 21    XL:     8   Next: 6%
Magic:  8/8        EV: 12    Int:  8    God:    Gozag
Gold:   258        SH:  4    Dex: 11    Spells: 7/7 levels left

rFire   x . .      SeeInvis .   p - +2 hand axe (flame)
rCold   + . .      Faith    .   c - +0 buckler
rNeg    + + +      Spirit   .   f - +0 troll leather armour
rPois   ∞          Reflect  .   (no helmet)
rElec   .          Harm     .   k - +0 cloak
rCorr   .          Rampage  .   (no gloves)
Will    +....                   (no boots)
Stlth   +.........              (no amulet)
HPRegen 1.00/turn               (no ring)
MPRegen 0.11/turn               (no ring)

@: no status effects
A: cold resistance 1, negative energy resistance 3, torment resistance 2, heat
vulnerability 1, in touch with death 1, no potions
a: Renounce Religion, Potion Petition, Call Merchant, Bribe Branch


You were on level 6 of the Dungeon.
You worshipped Gozag.
Gozag was aware of your devotion.
You visited 2 branches of the dungeon, and saw 7 of its levels.

You collected 470 gold pieces.
You spent 150 gold pieces at shops.
You paid 62 gold pieces to Gozag.

Inventory:

Hand Weapons
 a - a +1 war axe
 p - a +2 hand axe of flaming (weapon)
Missiles
 i - 10 poisoned darts (quivered)
Armour
 c - a +0 buckler (worn)
 f - a +0 troll leather armour (worn)
 k - a +0 cloak (worn)
Wands
 e - a wand of polymorph (8)
 l - a wand of flame (13)
Scrolls
 b - a scroll of teleportation
 d - 2 scrolls of magic mapping
 g - a scroll of enchant weapon
 h - a scroll of brand weapon {unknown}
 j - a scroll of amnesia
 m - a scroll of summoning
 n - a scroll of blinking
 o - a scroll of silence
 q - a scroll of enchant armour


   Skills:
 * Level 6.9 Fighting
 - Level 4.0 Axes
 - Level 2.4 Armour
 * Level 3.3 Dodging
 - Level 2.4 Shields
 * Level 2.3 Evocations


You had 7 spell levels left.
You didn't know any spells.
Your spell library contained the following spells:

 Spells                   Type           Power      Damage    Failure   Level
 Foxfire                  Conj/Fire      0%         2x1d4     56%         1
 Conjure Flame            Conj/Fire      0%         6-21      90%         3
 Dazzling Flash           Conj/Hex       0%         N/A       90%         3
 Inner Flame              Hex/Fire       0%         N/A       90%         3
 Flame Wave               Conj/Fire      0%         2d4       100%        4
 Iskenderun's Mystic Bla  Conj/Tloc      0%         2d3       100%        4
 Alistair's Intoxication  Tmut/Pois      0%         N/A       100%        5
 Starburst                Conj/Fire      0%         6d3       100%        6
 Spider Form              Tmut/Pois      Unusable   N/A       N/A         3

Dungeon Overview and Level Annotations

Branches:
Dungeon (6/15)             Temple (1/1) D:4

Altars:
Ashenzari
Cheibriados
Dithmenos
Elyvilon
Fedhas
Gozag
Hepliaklqana
Kikubaaqudgha
Makhleb
Okawaru
Qazlal
Ru
Sif Muna
Trog
Uskayaw
Vehumet
Wu Jian
Xom
Yredelemnul
Zin
The Shining One

Shops:
D:4 *   D:5 (**?


Innate Abilities, Weirdness & Mutations

You are immune to poison.
Your flesh is cold resistant. (rC+)
You are immune to negative energy. (rN+++)
You are immune to unholy pain and torment.
You are vulnerable to heat. (rF-)
You are in touch with the powers of death.
You do not drink.


Message History

You are too injured to fight recklessly!
You are too injured to fight recklessly!
You are too injured to fight recklessly!
You are too injured to fight recklessly!
You are too injured to fight recklessly!
You are too injured to fight recklessly!
You are too injured to fight recklessly!
You are too injured to fight recklessly!
You are too injured to fight recklessly!
You are too injured to fight recklessly!
You are too injured to fight recklessly!
Unknown command.
You block the orc priest's attack.
The orc priest miscasts a cantrip.
The orc priest is distracted by your dazzling golden aura.
The orc warrior barely misses you.
The orc warrior attacks as you move away!
The orc warrior hits you with a +0 long sword!
A shadow imp comes into view.
You closely miss the orc warrior.
The shadow imp shouts!
You hear a shout!
The orc warrior hits you with a +0 long sword!
* * * LOW HITPOINT WARNING * * *
You barely miss the orc warrior.
The orc warrior hits you with a +0 long sword.
* * * LOW HITPOINT WARNING * * *
Unknown command.
You hit the orc warrior but do no damage.
The orc warrior closely misses you.
You hit the shadow imp. You burn the shadow imp.
The shadow imp is heavily wounded.
You completely miss the orc warrior. You block the shadow imp's attack.
The orc warrior hits you with a +0 long sword.
* * * LOW HITPOINT WARNING * * *
Unknown command.
You hit the orc warrior but do no damage.
You hit the shadow imp. You burn the shadow imp.
The orc warrior hits you with a +0 long sword!
You die...
Your body crumbles into a pile of gold.

# #<#### #.....##
[......###### #.......#
####.####.# #o.....##.#
#o##o..##.#####
#@##...##.....####
......5.##...#####......
.####.####...# ###......
... ....+.......... ###
#...####.#+#### ....+
......... ###.#.####
#.#..... ######


You could see an orc warrior, an orc priest and a shadow imp.

Vanquished Creatures
  Sigmund (D:3)
  An ogre (D:4)
  4 scorpions
  A howler monkey (D:5)
  3 jellies (D:3)
  An orc priest (D:5)
  3 iguanas
  Terence (D:2)
  5 orc wizards (D:5)
  7 gnolls
  2 adders
  A white imp (D:5)
  An ufetubus (D:5)
  A worm (D:2)
  3 dart slugs
  10 orcs
  12 endoplasms
  A giant cockroach (D:1)
  8 goblins
  4 hobgoblins
  4 jackals (D:3)
  9 kobolds
  2 quokkas
  6 ball pythons
  6 bats
  3 frilled lizards
  5 rats
105 creatures vanquished.

Vanquished Creatures (others)
  4 fungi (D:3)
  7 toadstools (D:3)
11 creatures vanquished.

Grand Total: 116 creatures vanquished

Notes
Turn   | Place    | Note
-------+----------+-------------------------------------------
     0 | D:1      | grumblor the Mummy Fighter began the quest for the Orb.
     0 | D:1      | Reached XP level 1. HP: 18/18 MP: 1/1
    77 | D:1      | Got the Compendium of Transformation
   426 | D:1      | Reached XP level 2. HP: 24/24 MP: 2/2
   797 | D:1      | Found a faded altar of an unknown god.
   977 | D:2      | Gained mutation: You are in touch with the powers of death.
                  | [Mummy growth]
   977 | D:2      | Reached XP level 3. HP: 29/30 MP: 3/3
  1123 | D:2      | Reached skill level 4 in Fighting
  1476 | D:2      | Noticed Terence
  1483 | D:2      | Killed Terence
  1951 | D:3      | Reached XP level 4. HP: 37/37 MP: 4/4
  2107 | D:3      | Noticed Sigmund
  2121 | D:3      | Killed Sigmund
  2122 | D:3      | Reached skill level 5 in Fighting
  2122 | D:3      | Reached skill level 1 in Dodging
  2122 | D:3      | Reached XP level 5. HP: 31/44 MP: 5/5
  2166 | D:3      | Reached XP level 6. HP: 51/51 MP: 6/6
  2952 | D:4      | Found a staircase to the Ecumenical Temple.
  2961 | D:4      | Reached skill level 1 in Evocations
  2966 | Temple   | Entered the Ecumenical Temple
  3019 | Temple   | Became a worshipper of Gozag Ym Sagoz the Greedy
  3087 | D:4      | Reached XP level 7. HP: 52/57 MP: 7/7
  3229 | D:4      | Found Gufauriy's Elemental Accessories.
  3360 | D:5      | Entered Level 5 of the Dungeon
  3463 | D:5      | Found Unegrejy's Assorted Antiques.
  3488 | D:5      | Reached skill level 6 in Fighting
  3500 | D:5      | Found Eckugomy's Antique Weapon Shoppe.
  3512 | D:5      | Bought a runed hand axe for 150 gold pieces
  4021 | D:5      | Found Jucsosm's General Store.
  4068 | D:5      | Reached XP level 8. HP: 65/65 MP: 8/8
  4068 | D:5      | Found Megusom's Magic Scroll Boutique.
  4406 | D:6      | Slain by an orc warrior

Illustrated notes

Levels and vault maps discovered:
D:1:      dpeg_arrival_boxes_within_box, layout_rooms,
          shapermc_ecumenical_altar_acropolis
D:2:      layout_basic, serial_curves, eino_curves_02, eino_curves_04,
          uniq_terence
D:3:      cheibrodos_fertilizer, layout_basic, uniq_sigmund
D:4:      layout_gridville, minmay_temple_entry_crystal_x, chequers_avenue,
          serial_park_tiny_pond, nicolae_elemental_shop, kennysheep_cross_room,
          minmay_statues_item
D:5:      layout_loops_cross, serial_shops, nicolae_take_the_stairs,
          nicolae_shop_window_shopping, nicolae_shop_advertising_works
          [nicolae_subvault_shop_adworks], shop, chequers_serial_rivers_micro_c,
          chequers_serial_rivers_small_b
D:6:      layout_basic
Temple:   nicolae_temple_the_god_donut

Skill      XL: |  1  2  3  4  5  6  7 |
---------------+----------------------+-----
Axes           | 2 3 4 |  4.0
Fighting       | 4 5 6 |  6.9
Dodging        | 1 2 3 |  3.3
Evocations     | 1 2 |  2.3
Armour         | |  2.4
Shields        | |  2.4

Action                   |  1- 3 |  4- 6 |  7- 9 || total
-------------------------+-------+-------+-------++-------
Melee: War axe           |   118 |    95 |    41 ||   254
       Hand axe          |       |       |   106 ||   106
  Use: Scroll            |     7 |     2 |     2 ||    11
 Stab: Sleeping          |       |     1 |       ||     1
       Distracted        |       |       |     1 ||     1
Armor: Scale mail        |    52 |       |       ||    52
       Troll leather arm |     7 |    22 |    45 ||    74
Dodge: Dodged            |    58 |    53 |    80 ||   191
Block: Buckler           |    15 |    15 |    35 ||    65

Table legend: (Time is in decaauts)
 A = Elapsed time spent in this place.
 B = Non-inter-level travel time spent in this place.
 C = Inter-level travel time spent in this place.
 D = Time resting spent in this place.
 E = Time spent auto-exploring this place.
 F = Levels seen in this place.
 G = Mean time per level.
                   A        B        C        D        E       F      G
               +--------+--------+--------+--------+--------+-----+--------+
         Total |   4524 |   4420 |    104 |     21 |   3403 |   7 |  646.3 |
       Dungeon |   4454 |   4366 |     88 |     21 |   3371 |   6 |  742.3 |
        Temple |     69 |     53 |     16 |      0 |     32 |   1 |   69.0 |
               +--------+--------+--------+--------+--------+-----+--------+

Top non-repeatable levels by time:
     D:2: 1088 daAuts
     D:5: 956 daAuts
     D:1: 852 daAuts
     D:3: 739 daAuts
     D:4: 702 daAuts
     D:6: 114 daAuts
  Temple: 69 daAuts
